 Dungeon Crawl Stone Soup version 0.23.2-33-g5129a83 (webtiles) character file.

Game seed: 3932217224534413923

242 Fortress the Firebug (level 5, -4/38 HPs)
             Began as a Draconian Fire Elementalist on June 28, 2019.
             Was a Follower of Vehumet.
             Killed by nerve-wracking pain
             ... invoked by Grinder
              (14 damage)
             ... on level 3 of the Dungeon.
             The game lasted 00:12:08 (2628 turns).

Fortress the Firebug (Draconian Fire Elementalist)  Turns: 2628, Time: 00:12:09

Health: -4/38      AC:  5    Str: 10    XL:     5   Next: 81%
Magic:  2/10       EV: 12    Int: 16    God:    Vehumet [*.....]
Gold:   135        SH:  0    Dex: 12    Spells: 10/11 levels left

rFire    . . .     SeeInvis .   n - +1 short sword (protect)
rCold    . . .     Gourm    .   (no shield)
rNeg     . . .     Faith    .   (armour unavailable)
rPois    .         Spirit   .   (helmet restricted)
rElec    .         Reflect  .   (no cloak)
rCorr    .         Harm     .   (no gloves)
MR       .....                  (no boots)
Stlth    ++........             (no amulet)
HPRegen  0.12/turn              (no ring)
MPRegen  0.12/turn              (no ring)

@: very slightly contaminated
A: unfitting armour, cold-blooded, AC +5
a: Renounce Religion


You were on level 3 of the Dungeon.
You worshipped Vehumet.
Vehumet was aware of your devotion.
You were very hungry.

You visited 1 branch of the dungeon, and saw 3 of its levels.

You collected 135 gold pieces.

Inventory:

Hand Weapons
 e - a +0 dagger
 n - a +1 short sword of protection (weapon)
 r - a cursed +0 glaive
Missiles
 a - 108 stones (quivered)
 c - 36 sling bullets
 h - 13 poisoned needles
Scrolls
 d - 2 scrolls of fog {unknown}
 g - 3 scrolls of identify {unknown}
 i - a scroll of blinking {unknown}
 l - 2 scrolls of amnesia {unknown}
 m - a scroll of remove curse {unknown}
 o - a scroll of teleportation {unknown}
 s - a scroll of immolation {unknown}
Potions
 f - 3 potions of agility
 j - a potion of resistance {unknown}
 k - a potion of cancellation {unknown}
 p - a potion of curing
 q - a potion of might {unknown}
Comestibles
 b - 7 rations


   Skills:
 - Level 2.0 Dodging
 - Level 2.0 Stealth
 + Level 3.6 Spellcasting
 + Level 2.8 Conjurations
 + Level 4.6 Fire Magic


You had 10 spell levels left.
You knew the following spells:

 Your Spells              Type           Power        Failure   Level  Hunger
a - Flame Tongue          Conj/Fire      ##...        3%          1    None

Your spell library contained the following spells:

 Spells                   Type           Power        Failure   Level  Hunger
 Freeze                   Ice            #...         19%         1    None
 Throw Flame              Conj/Fire      ##....       6%          2    ##.....
 Conjure Flame            Conj/Fire      ##......     12%         3    ###....
 Inner Flame              Hex/Fire       ##......     21%         3    ###....
 Sticky Flame             Conj/Fire      ##......     36%         4    ####...
 Fireball                 Conj/Fire      ##........   71%         5    ######.


Dungeon Overview and Level Annotations

Branches:
Dungeon (3/15)

Altars:
Makhleb
Okawaru
Qazlal
Uskayaw
Vehumet
Wu Jian
Xom
The Shining One

Annotations:
D:3 Grinder


Innate Abilities, Weirdness & Mutations

Your plain brown scales are hard. (AC +5)
You cannot fit into any form of body armour.
You are cold-blooded and may be slowed by cold attacks.


Message History

The flame tongue hits Grinder.
Grinder is severely wounded.
Grinder gestures at you.
You barely resist.
Casting: Flame Tongue (safe; 3% risk of failure)
Confirm with . or Enter, or press ? or * to list all spells.
Aiming: Flame Tongue (safe; 3% risk of failure)
Press: ? - help, Shift-Dir - straight line, f/p - Grinder
Aim: Grinder (severely wounded)
The flame tongue misses Grinder.
Grinder barely misses you.
Casting: Flame Tongue (safe; 3% risk of failure)
Confirm with . or Enter, or press ? or * to list all spells.
Aiming: Flame Tongue (safe; 3% risk of failure)
Press: ? - help, Shift-Dir - straight line, f/p - Grinder
Aim: Grinder (severely wounded)
The flame tongue hits Grinder!
Grinder is almost dead.
Grinder gestures at you. Pain shoots through your body!
You die...

.............### #.....### #
######....##...### ###...).#
### ###....####...##
#...#..###..
##.........###..####....#.##.<#
#..######...###..............##
###.#####..........##....#.....
............##..######...####.#
....####...........#...... #.
....####........@5......... .#
##...............#....... ..
#######..........#....... ..
.........†.......#.....>.
########.........#....... #
#########......... ####....%.
......


You could see Grinder.

Vanquished Creatures
  Ijyb (D:3)
  Jessica (D:2)
  An orc wizard (D:3)
  3 gnolls (D:3)
  6 adders
  2 oozes (D:1)
  3 worms (D:2)
  A leopard gecko (D:2)
  9 orcs (D:3)
  A ball python (D:2)
  2 giant cockroaches
  5 goblins
  2 hobgoblins (D:2)
  3 jackals (D:3)
  2 quokkas (D:2)
  8 bats
  2 frilled lizards
  5 kobolds
  7 rats
64 creatures vanquished.

Notes
Turn   | Place    | Note
-------+----------+-------------------------------------------
     0 | D:1      | Fortress the Draconian Fire Elementalist began the quest
                  | for the Orb.
     0 | D:1      | Reached XP level 1. HP: 14/14 MP: 3/3
   252 | D:1      | Reached XP level 2. HP: 12/20 MP: 0/5
  1027 | D:2      | Reached XP level 3. HP: 26/26 MP: 3/6
  1144 | D:2      | Found an iron altar of Okawaru.
  1268 | D:2      | Reached XP level 4. HP: 27/33 MP: 0/8
  1466 | D:2      | Found a radiant altar of Vehumet.
  1472 | D:2      | Found a glowing golden altar of the Shining One.
  1479 | D:2      | Found a stormy altar of Qazlal.
  1482 | D:2      | Became a worshipper of Vehumet
  1485 | D:2      | Found a hide-covered altar of Uskayaw.
  1485 | D:2      | Found a shimmering altar of Xom.
  1486 | D:2      | Found an ornate altar of the Wu Jian Council.
  1487 | D:2      | Found a burning altar of Makhleb.
  1519 | D:2      | Noticed Jessica
  1540 | D:2      | Killed Jessica
  1540 | D:2      | Reached skill level 4 in Fire Magic
  1919 | D:3      | Reached XP level 5. HP: 31/38 MP: 2/9
  2364 | D:3      | Reached * piety under Vehumet
  2364 | D:3      | Offered knowledge of Freeze by Vehumet.
  2436 | D:3      | Noticed Ijyb
  2444 | D:3      | Noticed Grinder
  2451 | D:3      | Killed Ijyb
  2617 | D:3      | Paralysed by Grinder for 6 turns
  2628 | D:3      | Killed from afar by Grinder

Skill      XL: |  1  2  3  4 |
---------------+-------------+-----
Stealth        | 2 |  2.0
Dodging        | 2 |  2.0
Conjurations   | 2 |  2.8
Fire Magic     | 4 |  4.6
Spellcasting   | 3 |  3.6

Action                   |  1- 3 |  4- 6 || total
-------------------------+-------+-------++-------
Melee: Unarmed           |    10 |       ||    10
       Tailslap          |     8 |     9 ||    17
       Dagger            |    27 |     9 ||    36
       Short sword       |       |    35 ||    35
 Cast: Flame Tongue      |    44 |    64 ||   108
  Eat: Chunk             |     1 |     4 ||     5
Armor: Skin              |     9 |    24 ||    33
Dodge: Dodged            |    35 |    63 ||    98
